 Dungeon Sprint DCSS version 0.27-a0-695-gb4952372f7 (webtiles) character file.

Game seed: 15553039463764832577

774 mhtbhm the Protected (level 7, 0/70 HPs)
             Began as a Minotaur Fighter on Mar 21, 2021.
             Was a High Priest of Trog.
             Slain by a sixfirhy (11 damage)
             ... in the Dungeon (Sprint VII: "The Pits").
             The game lasted 00:01:08 (593 turns).

mhtbhm the Protected (Minotaur Fighter)              Turns: 593, Time: 00:01:08

Health: 0/70       AC: 17    Str: 23    XL:     7   Next: 53%
Magic:  6/6        EV:  6    Int:  5    God:    Trog [*****.]
Gold:   0          SH: 12    Dex:  9    Spells: 6/6 levels left

rFire    . . .     SeeInvis .   a - +2 hand axe
rCold    . . .     Faith    .   c - +0 kite shield
rNeg     . . .     Spirit   .   b - +2 plate armour
rPois    .         Reflect  .   (helmet restricted)
rElec    .         Harm     .   (no cloak)
rCorr    .         Rampage  .   (no gloves)
Will     .....     NoTele   +   (no boots)
Stlth    ..........             (no amulet)
HPRegen  0.21/turn              (no ring)
MPRegen  0.10/turn              (no ring)

@: berserk cooldown, slowed, very slow
A: horns 2, retaliatory headbutt
a: Renounce Religion, Berserk, Trog's Hand, Brothers in Arms


You were in the Dungeon.
You worshipped Trog.
Trog was extremely pleased with you.
You visited 1 branch

Inventory:

Hand Weapons
 a - a +2 hand axe (weapon)
Armour
 b - a +2 plate armour (worn)
 c - a +0 kite shield (worn)
Scrolls
 j - a scroll of blinking
 l - a scroll of summoning
Potions
 d - a potion of might
 e - 4 potions of curing
 f - 5 potions of heal wounds
 g - a potion of haste
 h - 4 potions of magic
 i - 3 potions of berserk rage
 k - 2 potions of invisibility


   Skills:
 + Level 9.5 Fighting
 + Level 10.1 Axes
 + Level 11.0 Armour
 + Level 0.5 Dodging
 + Level 1.1 Stealth
 + Level 10.9 Shields


You had 6 spell levels left.
You didn't know any spells.
Your spell library was empty.

Dungeon Overview and Level Annotations

Branches:
Dungeon (1/1)

Altars:
Cheibriados
Dithmenos
Elyvilon
Fedhas
Gozag
Hepliaklqana
Makhleb
Nemelex Xobeh
Okawaru
Qazlal
Ru
Sif Muna
Trog
Vehumet
Wu Jian
Xom
Yredelemnul
Zin
The Shining One
Beogh
Jiyva
Lugonu


Innate Abilities, Weirdness & Mutations

You have a pair of horns on your head.
You reflexively headbutt those who attack you in melee.


Message History

The tarantella completely misses you.
Unknown command.
You bump into the metal wall.
The tarantella bites you but does no damage.
You're too confused to move!
You feel your anger nearly subside.
You are no longer berserk.
You are exhausted.
You feel yourself slow down. The tarantella bites you!
* * * LOW HITPOINT WARNING * * *
Unknown command.
You feel better. You block the tarantella's attack. x2
Unknown command.
Your iron troll goes berserk!
You block the tarantella's attack.
The tarantella bites you but does no damage.
Unknown command.
Your plate armour prevents you from hitting the tarantella.
Your headbutt misses the tarantella.
The tarantella is lightly wounded.
You block the tarantella's attack. The tarantella bites you.
You are confused.
Your iron troll bites the tarantella!!
The tarantella dies!
Trog accepts your kill. Something appears at your feet!
You see here a +5 broad axe of flaming.
Trog grants you a weapon!
Your Axes skill increases to level 10!
Your Armour skill increases to level 11!
You feel better.
The rat bites your iron troll but does no damage.
The sixfirhy hits your iron troll but does no damage.
Your iron troll bites the rat!
The rat dies!
Trog accepts your kill.
You swap places.
The sixfirhy hits you! The sixfirhy shocks you!
* * * LOW HITPOINT WARNING * * *
The sixfirhy hits you!
* * * LOW HITPOINT WARNING * * *
The sixfirhy shocks you!
You die...

#.#####'#####...<...#
#.#...[))..##.......#
#.#..[)))..##.......#
#'###########.......#
#...[...#.. #########
#.)###..#.######
#.......#)#....#
##.###.##)#....#
#.......#T@3...+
#..###..#'#....#
#.......'.#....#
################


You could see a sixfirhy and a friendly iron troll (summoned, berserk).

Vanquished Creatures
  2 fire bats (D)
  Menkaure (D)
  An orc warrior (D)
  An ogre (D)
  An orc priest (D)
  An orc wizard (D)
  2 mummies (D)
  A gnoll (D)
  An adder (D)
  2 worms (D)
  2 orcs (D)
  A bat zombie (D)
  A goblin (D)
  A hobgoblin (D)
  5 jackals (D)
  A ball python (D)
  2 frilled lizards (D)
  A leopard gecko skeleton (D)
27 creatures vanquished.

Vanquished Creatures (collateral kills)
  A tarantella (D)
  A rat (D)
2 creatures vanquished.

Grand Total: 29 creatures vanquished

Notes
Turn   | Place    | Note
-------+----------+-------------------------------------------
     0 | D        | mhtbhm the Minotaur Fighter began the quest for the Orb.
     0 | D        | Reached XP level 1. HP: 19/19 MP: 0/0
    20 | D        | Found a bloodstained altar of Trog.
    20 | D        | Found a shimmering blue altar of Sif Muna.
    20 | D        | Found a viscous altar of Jiyva.
    20 | D        | Found a hazy altar of Hepliaklqana.
    20 | D        | Found an opulent altar of Gozag.
    21 | D        | Found a glowing golden altar of the Shining One.
    21 | D        | Found a glowing silver altar of Zin.
    21 | D        | Found a basalt altar of Yredelemnul.
    21 | D        | Found a shimmering altar of Xom.
    21 | D        | Found an ornate altar of the Wu Jian Council.
    21 | D        | Found a sacrificial altar of Ru.
    21 | D        | Found a stormy altar of Qazlal.
    21 | D        | Found an iron altar of Okawaru.
    21 | D        | Found a sparkling altar of Nemelex Xobeh.
    21 | D        | Found a burning altar of Makhleb.
    21 | D        | Found a blossoming altar of Fedhas.
    21 | D        | Found a white marble altar of Elyvilon.
    21 | D        | Found a shadowy altar of Dithmenos.
    21 | D        | Found a snail-covered altar of Cheibriados.
    23 | D        | Found a radiant altar of Vehumet.
    23 | D        | Found a corrupted altar of Lugonu.
    25 | D        | Became a worshipper of Trog the Wrathful
    63 | D        | Reached skill level 4 in Armour
    67 | D        | Reached * piety under Trog
    79 | D        | Reached ** piety under Trog
    80 | D        | Reached XP level 2. HP: 26/28 MP: 1/1
    92 | D        | Noticed Menkaure
    97 | D        | Killed Menkaure
    97 | D        | Reached *** piety under Trog
    98 | D        | Reached skill level 5 in Axes
    98 | D        | Reached skill level 7 in Armour
    98 | D        | Reached XP level 3. HP: 8/39 MP: 2/2
    98 | D        | Reached XP level 4. HP: 10/47 MP: 3/3
   379 | D        | Noticed an orc warrior
   385 | D        | Reached XP level 5. HP: 52/52 MP: 4/4
   386 | D        | Reached **** piety under Trog
   393 | D        | Killed an orc warrior
   394 | D        | Reached skill level 8 in Armour
   394 | D        | Reached XP level 6. HP: 61/61 MP: 5/5
   395 | D        | Reached skill level 9 in Armour
   396 | D        | Reached ***** piety under Trog
   412 | D        | Noticed a fire bat
   420 | D        | Killed a fire bat
   431 | D        | Noticed a fire bat
   437 | D        | Reached skill level 10 in Armour
   437 | D        | Reached skill level 10 in Shields
   437 | D        | Reached XP level 7. HP: 41/70 MP: 6/6
   442 | D        | Killed a fire bat
   443 | D        | Reached skill level 1 in Stealth
   579 | D        | Noticed a tarantella
   579 | D        | Noticed a sixfirhy
   591 | D        | Killed a tarantella
   591 | D        | Received a gift from Trog
   592 | D        | Reached skill level 10 in Axes
   592 | D        | Reached skill level 11 in Armour
   593 | D        | Slain by a sixfirhy

Illustrated notes

Levels and vault maps discovered:
D:        pitsprint [storerooms_1, entrance_room_1, metal_vault_7, armoury_2,
          mini_pit_1, grid_room_1, main_hall_1, silver_pit, the_coven_3,
          the_vestibule_1, steel_vault_2, golden_pit, hallway_of_sentries,
          crystal_vault_3, iron_vault_5, final_vault]

Skill      XL: |  1  2  3  4  5  6  7 |
---------------+----------------------+-----
Fighting       | 4 7 8 9 |  9.5
Armour         | 4 7 8 10 11 | 11.0
Shields        | 4 7 8 10 | 10.9
Axes           | 5 6 8 10 | 10.1
Stealth        | 1 |  1.1
Dodging        | |  0.5

Action                   |  1- 3 |  4- 6 |  7- 9 || total
-------------------------+-------+-------+-------++-------
Melee: Hand axe          |    11 |    27 |    10 ||    48
       Headbutt          |     4 |     3 |     1 ||     8
       War axe           |     1 |       |       ||     1
Invok: Berserk           |     1 |     1 |     1 ||     3
       Brothers in Arms  |       |       |     1 ||     1
  Use: Potion            |       |     1 |     2 ||     3
Armor: Scale mail        |     1 |       |       ||     1
       Plate armour      |       |    14 |     9 ||    23
Dodge: Dodged            |     4 |    10 |     3 ||    17
Block: Kite shield       |     5 |    17 |     9 ||    31

Table legend: (Time is in decaauts)
 A = Elapsed time spent in this place.
 B = Non-inter-level travel time spent in this place.
 C = Inter-level travel time spent in this place.
 D = Time resting spent in this place.
 E = Time spent auto-exploring this place.
 F = Levels seen in this place.
 G = Mean time per level.
                   A        B        C        D        E       F      G
               +--------+--------+--------+--------+--------+-----+--------+
         Total |    615 |    615 |      0 |    360 |     26 |   1 |  615.0 |
       Dungeon |    615 |    615 |      0 |    360 |     26 |   1 |  615.0 |
               +--------+--------+--------+--------+--------+-----+--------+

Top non-repeatable levels by time:
       D: 615 daAuts
